AoeStats
← larrery

Nomad

509872701Analyzed
3v3 RM · 5d ago on Sep 28, 2026· 39m 9s· 6 players
Game mode
Random Map
Map size
210×210
Population
200
Speed
Normal
Resources
Standard
Victory
Conquest
Starting age
Dark Age
Ending age
Imperial Age
RankedLock teamsTeams togetherTeam positionsShared explorationLock speedFull tech treeHidden civsTurbo modeCheats
Victory
Defeat
🇹🇼 Persians · Taiwan
1084
+14
🇹🇼 Danes · Taiwan
1035
+16
🇹🇼 Japanese · Taiwan
1006
+17
🇳🇴 Saxons · Norway
1059
-17
1035
-16
🇨🇴 Muisca · Colombia
989
-14
窒息式毒奶大王
14:54 Loom
16:39 Feudal Age
17:14 Man-at-Arms
17:50 Arson
18:53 Double-Bit Axe
19:51 Scale Mail Armor
20:01 Forging
22:49 Castle Age
22:02 Wheelbarrow
22:59 Long Swordsman
23:44 Squires
23:30 Gambesons
26:51 Pikeman
28:06 Horse Collar
28:19 Gold Mining
31:18 Bow Saw
31:10 Heavy Plow
30:59 Fishing Lines
31:07 Demolition Ship
32:41 Gold Shaft Mining
32:42 Gillnets
33:20 Hand Cart
台北順起來
5:37 Loom
13:49 Feudal Age
14:30 Double-Bit Axe
16:32 Wheelbarrow
15:55 Fishing Lines
23:21 Castle Age
23:08 Man-at-Arms
25:02 Bow Saw
27:19 Gillnets
29:03 Gold Mining
29:04 Stone Mining
29:20 Husbandry
28:44 Light Cavalry
29:34 Bloodlines
31:44 Medium Warships
冰水一壺
5:22 Loom
23:39 Feudal Age
24:40 Double-Bit Axe
27:48 Castle Age
27:30 Scale Barding Armor
27:35 Forging
27:41 Bloodlines
27:39 Horse Collar
28:59 Bow Saw
28:53 Husbandry
29:21 Heavy Plow
30:03 Chain Barding Armor
36:17 Wheelbarrow
PIGGI A MAND!!!
3:56 Loom
12:48 Feudal Age
13:21 Double-Bit Axe
17:01 Bloodlines
20:39 Castle Age
23:58 Stone Mining
27:51 Horse Collar
31:25 Pikeman
32:13 Gold Mining
33:18 Bow Saw
34:03 Squires
37:00 Imperial Age
35:40 Gold Shaft Mining
38:27 Town Watch
꧁༺乡 SC∆R 乡 ༻꧂
6:45 Loom
22:40 Feudal Age
29:21 Fletching
35:42 Castle Age
33:46 Padded Archer Armor
35:53 Crossbowman
larrery
11:30 Loom
14:57 Feudal Age
15:31 Double-Bit Axe
18:33 Horse Collar
21:02 Castle Age
19:49 Gold Mining
20:34 Stone Mining
21:53 Fletching
27:26 Padded Archer Armor
28:18 Crossbowman
30:03 Town Watch
30:58 Bodkin Arrow
31:42 Leather Archer Armor
32:23 Thumb Ring
37:54 Herbalism
Connection lost

Rejoining the realm…

Still unreachable

The connection could not be restored.

Session expired

The server has moved on; the page needs a fresh start.